 Dungeon Crawl Stone Soup version 0.26-a0-478-g6c97825307 (webtiles) character file.

Game seed: 10025405156026863649

2450 KristoblXynda the Covert (level 9, -10/65 HPs)
             Began as a Vampire Brigand on July 31, 2020.
             Was an Initiate of Ashenzari.
             Splashed by an acid dragon's acid (15 damage)
             ... on level 7 of the Dungeon.
             The game lasted 00:16:12 (6670 turns).

KristoblXynda the Covert (Vampire Brigand)          Turns: 6670, Time: 00:16:13

Health: -10/65     AC:  7    Str: 10    XL:     9   Next: 25%
Magic:  9/9        EV: 20    Int: 16    God:    Ashenzari [......]
Gold:   324        SH:  0    Dex: 16    Spells: 8/8 levels left

rFire    . . .     SeeInvis +   i - +4 dagger
rCold    . . .     Faith    .   (no shield)
rNeg     . . .     Spirit   .   A - +0 leather armour (curse)
rPois    +         Reflect  .   l - +0 helmet
rElec    .         Harm     .   c - +0 cloak
rCorr    .                      z - +0 pair of gloves
MR       .....                  t - +0 pair of boots
Stlth    ++........             (no amulet)
HPRegen  0.40/turn              n - +4 ring of evasion
MPRegen  0.11/turn              f - ring of poison resistance

@: confused, regenerating quickly
A: fangs 3, see invisible, unbreathing
a: Exsanguinate, Curse Item, Renounce Religion


You were on level 7 of the Dungeon.
You worshipped Ashenzari.
Ashenzari was noncommittal.
You visited 2 branches of the dungeon, and saw 8 of its levels.

You collected 324 gold pieces.

Inventory:

Hand Weapons
 a - a +2 dagger
 i - a +4 dagger (weapon)
Missiles
 e - 2 curare-tipped darts (quivered)
 j - 3 atropa-tipped darts
Armour
 b - +1 steam dragon scales
 c - a +0 cloak (worn)
 l - a +0 helmet (worn)
 t - a +0 pair of boots (worn)
 z - a +0 pair of gloves (worn)
 A - a cursed +0 leather armour (worn)
Jewellery
 f - a ring of poison resistance (right hand)
 k - an uncursed ring of magical power
 n - a +4 ring of evasion (left hand)
 B - an uncursed ring of wizardry
Wands
 q - a wand of polymorph (3)
 v - a wand of disintegration (3)
Potions
 d - a potion of haste {unknown}
 g - 5 potions of curing
 h - a potion of experience {unknown}
 m - a potion of ambrosia
 o - a potion of degeneration {unknown}
 p - 5 potions of flight
 s - 2 potions of stabbing
 u - a potion of brilliance {unknown}


   Skills:
 + Level 4.2 Fighting
 + Level 6.9 Short Blades
 - Level 2.3 Throwing
 + Level 6.4 Dodging
 - Level 10.6 Stealth
 + Level 4.7 Evocations


You had 8 spell levels left.
You didn't know any spells.
Your spell library contained the following spells:

 Spells                   Type           Power        Failure   Level
 Summon Small Mammal      Summ           #...         34%         1
 Call Imp                 Summ           #.......     45%         2
 Call Canine Familiar     Summ           #.......     71%         3
 Summon Guardian Golem    Hex/Summ       #.......     71%         3
 Summon Ice Beast         Ice/Summ       #.......     98%         4
 Summon Lightning Spire   Summ/Air       #.......     98%         4


Dungeon Overview and Level Annotations

Branches:
Dungeon (7/15)             Temple (1/1) D:5

Altars:
Ashenzari
Cheibriados
Dithmenos
Elyvilon
Fedhas
Hepliaklqana
Kikubaaqudgha
Makhleb
Nemelex Xobeh
Okawaru
Qazlal
Ru
Sif Muna
Trog
Uskayaw
Vehumet
Xom
Yredelemnul
Zin
The Shining One

Shops:
D:6 [


Innate Abilities, Weirdness & Mutations

Your natural rate of healing is unusually fast.
You have razor-sharp teeth.
You have supernaturally acute eyesight. (SInv)
You can survive without breathing.


Message History

Aim: a hog (chance to defeat MR: 60%)
The hog resists with significant effort.
The hog bites you. The hog bites you!
* * * LOW HITPOINT WARNING * * *
Unknown command.
Evoke which item? (* to show all) (? for menu, Esc to quit)
Aiming: Polymorph
Press: ? - help, Shift-Dir - straight line, f/p - hog
Aim: a hog (chance to defeat MR: 60%)
The hog evaporates and reforms as an acid dragon!
The acid dragon barely misses you. The acid dragon closely misses you.
You are confused.
You feel invigorated. The acid dragon bites you.
* * * LOW HITPOINT WARNING * * *
The acid dragon closely misses you. The acid dragon spits acid at you.
The splash of acid hits you!
* * * LOW HITPOINT WARNING * * *
You are splashed with acid!
You die...

..........###.##...#.#........###
..........##...##....##..........
.............##.#....##..........
.......#...#..........##.........
...#..##..##....#.)...##.....#.#.
##.#......###.####o....)....##...
#......).##..####D#.###........#
..........##......#)# #........#
#....._....##...@###)###........#
#................##....#.........
..........##....................#
..).......#..##.##.##............
.............####..####........##
.........<.#>. #..# ###(...###
.........### .# ##.# #....#
.........# .. ... #.....## .
.........# . ..# #........ .


You could see an acid dragon (catching breath) and an orc.

Vanquished Creatures
  Maggie (D:6)
  Prince Ribbit (D:7)
  A hippogriff (D:7)
  An orc warrior (D:6)
  2 ice beasts
  An ogre (D:5)
  An eye of draining (D:6)
  A centaur (D:5)
  A scorpion (D:6)
  2 howler monkeys
  A centaur zombie (D:6)
  2 hounds
  Crazy Yiuf (D:2)
  A bullfrog zombie (D:7)
  A centaur skeleton (D:4)
  4 orc priests
  A jelly (D:5)
  9 orc wizards
  A bullfrog skeleton (D:4)
  Jessica (D:2)
  2 iguanas
  5 worker ants
  2 hound zombies (D:5)
  3 gnolls (D:6)
  9 adders
  2 shadow imps
  3 white imps
  An ufetubus (D:5)
  An ooze (D:3)
  An adder skeleton (D:4)
  A worm (D:3)
  4 dart slugs
  2 leopard geckos (D:4)
  22 orcs
  2 ball pythons
  14 bats
  9 giant cockroaches
  12 goblins
  8 hobgoblins
  8 jackals
  4 quokkas
  8 frilled lizards
  4 kobolds
  4 rats
  A fungus (D:2)
166 creatures vanquished.

Notes
Turn   | Place    | Note
-------+----------+-------------------------------------------
     0 | D:1      | KristoblXynda the Vampire Brigand began the quest for the
                  | Orb.
     0 | D:1      | Reached XP level 1. HP: 16/16 MP: 1/1
    63 | D:1      | Reached skill level 6 in Stealth
   123 | D:1      | Reached XP level 2. HP: 22/22 MP: 2/2
   233 | D:1      | Reached XP level 3. HP: 23/27 MP: 3/3
   780 | D:2      | Reached XP level 4. HP: 33/33 MP: 4/4
  1010 | D:2      | Noticed Jessica
  1036 | D:2      | Killed Jessica
  1262 | D:2      | Found a runed translucent door.
  1263 | D:2      | Noticed Crazy Yiuf
  1270 | D:2      | Killed Crazy Yiuf
  1270 | D:2      | Reached XP level 5. HP: 39/39 MP: 5/5
  1699 | D:3      | Found a blossoming altar of Fedhas.
  1740 | D:3      | Reached skill level 7 in Stealth
  2644 | D:4      | Reached XP level 6. HP: 44/47 MP: 6/6
  2770 | D:4      | Reached skill level 1 in Evocations
  3095 | D:4      | Found a bloodstained altar of Trog.
  3432 | D:5      | Entered Level 5 of the Dungeon
  3607 | D:5      | Reached XP level 7. HP: 25/52 MP: 7/7
  3792 | D:5      | Reached skill level 8 in Stealth
  3921 | D:5      | Found a staircase to the Ecumenical Temple.
  4314 | Temple   | Entered the Ecumenical Temple
  4346 | Temple   | Became a worshipper of Ashenzari the Shackled
  4804 | D:6      | Reached skill level 5 in Short Blades
  4927 | D:6      | Reached XP level 8. HP: 60/60 MP: 8/8
  5073 | D:6      | Reached skill level 9 in Stealth
  5216 | D:6      | Noticed Maggie
  5227 | D:6      | Reached skill level 5 in Dodging
  5254 | D:6      | Killed Maggie
  5386 | D:6      | Found Etiwij's Antique Armour Emporium.
  5722 | D:7      | Reached skill level 10 in Stealth
  5752 | D:7      | Noticed Pikel
  5793 | D:6      | Noticed Pikel
  5793 | D:6      | Pikel changed into Pikel the black mamba
  5796 | D:6      | Noticed Pikel
  5796 | D:6      | Pikel the black mamba changed into Pikel the eye of
                  | draining
  5822 | D:6      | Killed Pikel the eye of draining
  5989 | D:7      | Noticed Prince Ribbit
  6125 | D:7      | Found a burning altar of Makhleb.
  6315 | D:7      | Killed Prince Ribbit
  6315 | D:7      | Reached XP level 9. HP: 55/65 MP: 9/9
  6670 | D:7      | Splashed by an acid dragon's acid

Illustrated notes

Levels and vault maps discovered:
D:1:      minmay_arrival_open_corners, layout_loops_ring, minmay_misc_feat_rows
D:2:      layout_rooms, mrwooster_statue_mirror, minmay_unequal, uniq_jessica,
          uniq_crazy_yiuf_cottage
D:3:      layout_basic, fedhas_altar_3
D:4:      layout_loops_ring, old_standard_altar
D:5:      layout_basic, minmay_temple_entry_statues_pillars
D:6:      layout_cave_pools, serial_shops,
          nicolae_shop_temple_entry_statues_fountains, minivault_26, uniq_maggie
D:7:      layout_cave_pools, serial_shops, shop, basic_altar, uniq_pikel,
          uniq_prince_ribbit1
Temple:   compressed_dpeg_circular_temple

Skill      XL: |  1  2  3  4  5  6  7  8 |
---------------+-------------------------+-----
Stealth        | 6 7 8 10 | 10.6
Fighting       | 2 3 4 |  4.2
Throwing       | 2 |  2.3
Dodging        | 2 3 4 6 |  6.4
Short Blades   | 3 4 5 6 |  6.9
Evocations     | 1 2 4 |  4.7

Action                   |  1- 3 |  4- 6 |  7- 9 || total
-------------------------+-------+-------+-------++-------
Melee: Dagger            |    86 |   267 |   430 ||   783
       Bite              |     5 |    30 |    54 ||    89
Throw: Dart              |       |       |     2 ||     2
Evoke: Wand              |       |       |    37 ||    37
  Use: Scroll            |       |     6 |     2 ||     8
       Potion            |       |       |    10 ||    10
 Stab: Sleeping          |    12 |    18 |     6 ||    36
       Distracted        |       |     1 |     3 ||     4
Armor: Robe              |    13 |    33 |    21 ||    67
       Leather armour    |       |       |    46 ||    46
       Skin              |       |       |    14 ||    14
Dodge: Dodged            |    42 |   154 |   340 ||   536

Table legend: (Time is in decaauts)
 A = Elapsed time spent in this place.
 B = Non-inter-level travel time spent in this place.
 C = Inter-level travel time spent in this place.
 D = Time resting spent in this place.
 E = Time spent auto-exploring this place.
 F = Levels seen in this place.
 G = Mean time per level.
                   A        B        C        D        E       F      G
               +--------+--------+--------+--------+--------+-----+--------+
         Total |   6513 |   6106 |    407 |   1346 |   2546 |   8 |  814.1 |
       Dungeon |   6422 |   6024 |    398 |   1346 |   2499 |   7 |  917.4 |
        Temple |     90 |     81 |      9 |      0 |     47 |   1 |   90.0 |
               +--------+--------+--------+--------+--------+-----+--------+

Top non-repeatable levels by time:
     D:5: 1293 daAuts
     D:3: 1234 daAuts
     D:6: 1066 daAuts
     D:4: 841 daAuts
     D:2: 696 daAuts
     D:7: 654 daAuts
     D:1: 635 daAuts
  Temple: 90 daAuts
